 Dungeon Sprint DCSS version 0.18.1-48-g4cf74bf (webtiles) character file.

4605 Neosonic97 the Nimble (level 10, 0/70 HPs)
             Began as a Grey Draconian Transmuter on Sept 9, 2016.
             Was a Priest of Cheibriados.
             Slain by a deep troll (19 damage)
             ... in the Dungeon (Sprint I: "Red Sonja").
             The game lasted 00:05:58 (1526 turns).

Neosonic97 the Nimble (Grey Draconian Transmuter)   Turns: 1526, Time: 00:05:58

Health: 0/70       AC:  2    Str: 19    XL:     10   Next: 19%
Magic:  7/9        EV: 36    Int: 18    God:    Cheibriados [***...]
Gold:   424        SH:  0    Dex: 21    Spells: 2 memorised, 9 levels left

rFire  . . .     SeeInvis .       - Unarmed
rCold  . . .     Gourm    .     (armour unavailable)
rNeg   . . .     Faith    .     (shield currently unavailable)
rPois  x         Spirit   .     (helmet currently unavailable)
rElec  .         Dismiss  .     (cloak currently unavailable)
rCorr  .         Reflect  .     (gloves currently unavailable)
SustAt .         Harm     .     (boots currently unavailable)
MR     .....     Rnd*Rage +     (no amulet)
Stlth  ++........ NoTele   +    (no ring)
                                (no ring)

@: spider-form, very slow, not resistant to hostile enchantments, unstealthy
A: (walk through water), unfitting armour, (big wings), berserk 3, blurry vision
3, clumsy 2, deterioration 1, dopey 2, frail 3, low mp 3, screaming 3, weak 2,
(unbreathing), no device heal 1, (cold-blooded), subdued magic 3, MP-powered
wands, AC +12
a: End Transformation, Bend Time, Temporal Distortion, Renounce Religion


You were in the Dungeon.
You worshipped Cheibriados.
Cheibriados was most pleased with you.
You were hungry.
You were a venomous arachnid creature.
You visited 1 branch You collected 424 gold pieces.

Inventory:

Missiles
 a - 12 arrows
Scrolls
 i - a scroll of blinking
Potions
 f - a potion of haste
 g - 2 potions of magic
 h - a potion of berserk rage
Books
 b - a book of Changes

   Spells                             Type                      Level
   a - Beastly Appendage              Transmutation                1
   b - Sticks to Snakes               Transmutation                2
   c - Spider Form                    Transmutation/Poison         3
   d - Ice Form                       Ice/Transmutation            4
   e - Blade Hands                    Transmutation                5


   Skills:
 * Level 13.2 Fighting
 * Level 14.4 Dodging
 - Level 3.0 Unarmed Combat
 - Level 2.0 Spellcasting
 * Level 13.1 Transmutations


You had 9 spell levels left.
You knew the following spells:

 Your Spells              Type           Power        Failure   Level  Hunger
a - Beastly Appendage     Trmt           ####..       1%          1    #......
b - Spider Form           Trmt/Pois      ##........   6%          3    ###....


Dungeon Overview and Level Annotations

Branches:
Dungeon (1/1)

Altars:
Cheibriados
Dithmenos
Elyvilon
Fedhas
Gozag
Kikubaaqudgha
Makhleb
Nemelex Xobeh
Okawaru
Pakellas
Qazlal
Ru
Sif Muna
Vehumet
Xom
Yredelemnul
Zin
The Shining One
Jiyva

Shops:
D *}=%([


Innate Abilities, Weirdness & Mutations

((You can walk through water.))
((Your dull iron-grey scales are very hard (AC +12).))
Your body does not fit into most forms of armour.
((You can survive without breathing.))
((You are cold-blooded and may be slowed by cold attacks.))
((Your large and strong wings let you fly indefinitely.))
You have an uncontrollable temper.
Scrolls take you much longer to read.
You are very clumsy. (Dex -4)
Your body sometimes deteriorates upon taking damage.
You are very dopey. (Int -4)
You are extremely frail (-30% HP).
Your magical capacity is extremely low (-30% MP).
You frequently scream uncontrollably at your foes.
You are very weak. (Str -4)
Potions and wands are less effective at restoring your health.
Your spells are much easier to cast, but much less powerful.
You expend magic power (3 MP) to strengthen your wands.


Message History

The deep troll is moderately wounded.
The deep troll completely misses you. The deep troll claws you!
* * * LOW HITPOINT WARNING * * *
The deep troll completely misses you.
You bite the deep troll!
The deep troll is heavily wounded.
The deep troll completely misses you. x2; The deep troll misses you.
Drink which item? (? for menu, Esc to quit)
Okay, then.
You hit the deep troll but do no damage.
The deep troll is heavily wounded.
The deep troll completely misses you. The deep troll misses you.
The deep troll completely misses you.
You hit the deep troll.
The deep troll is severely wounded.
The deep troll completely misses you. x2; The deep troll misses you.
You hit the deep troll.
The deep troll is severely wounded.
The deep troll completely misses you. The deep troll claws you!!
You die...

#..#####'#####'#__#
#..# #..#...#)####
#..#__####..##.#
#..#_.___##'#..+
#⌠⌠#_.∩...'.(._#
####_..._##_(#'#
#____ ##'#.#
############.####+###
#∩^.......'...sT$.$$+
###''''####...#######
#.......####.##
#........# #+#
#..#.....# #........#
#.....#..# #........#
#..#.....#


You could see a deep troll.

Vanquished Creatures
  8 shining eyes (D)
  A slime creature (D)
  Sigmund (D)
  A yak (D)
  4 giant eyeballs (D)
  An ogre (D)
  A jelly (D)
  Ijyb (D)
18 creatures vanquished.

Vanquished Creatures (others)
  Sonja (D)
  A gargoyle (D)
2 creatures vanquished.

Grand Total: 20 creatures vanquished

Notes
Turn   | Place    | Note
--------------------------------------------------------------
     0 | D        | Neosonic97 the Draconian Transmuter began the quest for the Orb.
     0 | D        | Reached XP level 1. HP: 16/16 MP: 3/3
     1 | D        | Noticed Ijyb
    24 | D        | Killed Ijyb
    24 | D        | Reached skill level 3 in Dodging
    24 | D        | Reached XP level 2. HP: 8/26 MP: 1/5
   247 | D        | Noticed an ogre
   251 | D        | Killed a gargoyle
   254 | D        | Killed an ogre
   254 | D        | Reached skill level 5 in Dodging
   254 | D        | Reached skill level 5 in Transmutations
   254 | D        | Reached XP level 3. HP: 17/35 MP: 4/6
   254 | D        | Reached XP level 4. HP: 20/41 MP: 4/7
   530 | D        | Learned a level 3 spell: Spider Form
   531 | D        | Noticed Sigmund
   539 | D        | Killed Sigmund
   539 | D        | Reached skill level 7 in Dodging
   539 | D        | Reached XP level 5. HP: 32/51 MP: 5/8
   556 | D        | Found a snail-covered altar of Cheibriados.
   556 | D        | Found a viscous altar of Jiyva.
   556 | D        | Found a shadowy altar of Dithmenos.
   556 | D        | Found a blossoming altar of Fedhas.
   556 | D        | Noticed a slime creature
   575 | D        | Killed a slime creature
   575 | D        | Reached skill level 8 in Dodging
   575 | D        | Reached XP level 6. HP: 32/61 MP: 5/9
   580 | D        | Became a worshipper of Cheibriados the Contemplative
   582 | D        | Found a deep blue altar of Sif Muna.
   584 | D        | Found a radiant altar of Vehumet.
   828 | D        | Found Xuumm's Food Emporium.
   828 | D        | Found a white marble altar of Elyvilon.
   828 | D        | Found a stormy altar of Qazlal.
   828 | D        | Found a burning altar of Makhleb.
   828 | D        | Found a sacrificial altar of Ru.
   828 | D        | Found an oddly glowing altar of Pakellas.
   828 | D        | Found a basalt altar of Yredelemnul.
   828 | D        | Found a glowing golden altar of the Shining One.
   828 | D        | Found a sparkling altar of Nemelex Xobeh.
   828 | D        | Found a shimmering altar of Xom.
   828 | D        | Found an opulent altar of Gozag.
   828 | D        | Found an ancient bone altar of Kikubaaqudgha.
   828 | D        | Found a glowing silver altar of Zin.
   828 | D        | Noticed a yak
   829 | D        | Found an iron altar of Okawaru.
   840 | D        | Killed a yak
   840 | D        | Reached skill level 9 in Dodging
   840 | D        | Your scales start taking on a dull iron-grey colour.
   840 | D        | Reached XP level 7. HP: 52/69 MP: 7/10
   840 | D        | Gained mutation: You can survive without breathing. [Grey Draconian growth]
   853 | D        | Noticed Sonja
   878 | D        | Killed Sonja
   878 | D        | Reached skill level 11 in Dodging
   878 | D        | Reached skill level 10 in Transmutations
   878 | D        | Reached XP level 8. HP: 13/78 MP: 7/11
  1306 | D        | Found Hawn's General Store.
  1323 | D        | Noticed a shining eye
  1323 | D        | Noticed a shining eye
  1323 | D        | Noticed a shining eye
  1323 | D        | Noticed a shining eye
  1323 | D        | Noticed a shining eye
  1323 | D        | Noticed a shining eye
  1325 | D        | Gained mutation: You are weak. (Str -2) [a shining eye]
  1328 | D        | Paralysed by a giant eyeball for 3 turns
  1330 | D        | Gained mutation: You are very weak. (Str -4) [a shining eye]
  1332 | D        | Reached * piety under Cheibriados
  1336 | D        | Gained mutation: You are agile. (Dex +2) [a shining eye]
  1337 | D        | Lost mutation: You are very weak. (Str -4) [a shining eye]
  1340 | D        | Gained mutation: You tend to lose your temper in combat. [a shining eye]
  1340 | D        | Paralysed by a giant eyeball for 3 turns
  1343 | D        | Gained mutation: Your spells are a little easier to cast, but a little less powerful. [a shining eye]
  1343 | D        | Gained mutation: Your magical capacity is low (-10% MP). [a shining eye]
  1344 | D        | Killed a shining eye
  1344 | D        | Reached skill level 10 in Fighting
  1345 | D        | Lost mutation: Your magical capacity is low (-10% MP). [a shining eye]
  1347 | D        | Paralysed by a giant eyeball for 2 turns
  1348 | D        | Gained mutation: You possess an exceptional clarity of mind. [a shining eye]
  1352 | D        | Gained mutation: You are frail (-10% HP). [a shining eye]
  1353 | D        | Gained mutation: You often lose your temper in combat. [a shining eye]
  1355 | D        | Gained mutation: You are very weak. (Str -4) [a shining eye]
  1356 | D        | Paralysed by a giant eyeball for 4 turns
  1357 | D        | Gained mutation: Your large and strong wings let you fly indefinitely. [a shining eye]
  1360 | D        | Gained mutation: You are very agile. (Dex +4) [a shining eye]
  1361 | D        | Killed a shining eye
  1361 | D        | Reached skill level 12 in Dodging
  1361 | D        | Reached XP level 9. HP: 77/77 MP: 5/12
  1365 | D        | Paralysed by a giant eyeball for 2 turns
  1367 | D        | Lost mutation: You possess an exceptional clarity of mind. [a shining eye]
  1367 | D        | Lost mutation: You are very agile. (Dex +4) [a shining eye]
  1370 | D        | Gained mutation: Your spells are easier to cast, but less powerful. [a shining eye]
  1371 | D        | Gained mutation: You expend magic power (3 MP) to strengthen your wands. [a shining eye]
  1372 | D        | Killed a shining eye
  1375 | D        | Paralysed by a giant eyeball for 3 turns
  1379 | D        | Reached skill level 13 in Dodging
  1381 | D        | Gained mutation: Your magical capacity is low (-10% MP). [a shining eye]
  1384 | D        | Killed a shining eye
  1386 | D        | Reached ** piety under Cheibriados
  1388 | D        | Noticed a shining eye
  1388 | D        | Noticed a shining eye
  1389 | D        | Gained mutation: You occasionally shout uncontrollably at your foes. [a shining eye]
  1389 | D        | Gained mutation: You are very frail (-20% HP). [a shining eye]
  1391 | D        | Gained mutation: You have an uncontrollable temper. [a shining eye]
  1393 | D        | Paralysed by a giant eyeball for 2 turns
  1396 | D        | Paralysed by a giant eyeball for 4 turns
  1398 | D        | Gained mutation: Your spells are much easier to cast, but much less powerful. [a shining eye]
  1398 | D        | Gained mutation: You sometimes yell uncontrollably at your foes. [a shining eye]
  1401 | D        | Lost mutation: You sometimes yell uncontrollably at your foes. [a shining eye]
  1403 | D        | Paralysed by a giant eyeball for 4 turns
  1404 | D        | Gained mutation: You are extremely frail (-30% HP). [a shining eye]
  1405 | D        | Lost mutation: You are agile. (Dex +2) [a shining eye]
  1409 | D        | Gained mutation: Your magical capacity is very low (-20% MP). [a shining eye]
  1411 | D        | Paralysed by a giant eyeball for 2 turns
  1412 | D        | Gained mutation: You sometimes yell uncontrollably at your foes. [a shining eye]
  1412 | D        | Gained mutation: You frequently scream uncontrollably at your foes. [a shining eye]
  1413 | D        | Killed a shining eye
  1413 | D        | Gained mutation: Scrolls take you a little longer to read. [a shining eye]
  1418 | D        | Paralysed by a giant eyeball for 2 turns
  1420 | D        | Gained mutation: You are dopey. (Int -2) [a shining eye]
  1420 | D        | Gained mutation: Potions and wands are less effective at restoring your health. [a shining eye]
  1421 | D        | Gained mutation: You are very dopey. (Int -4) [a shining eye]
  1422 | D        | Paralysed by a giant eyeball for 3 turns
  1424 | D        | Gained mutation: You are clumsy. (Dex -2) [a shining eye]
  1430 | D        | Paralysed by a giant eyeball for 2 turns
  1431 | D        | Gained mutation: Scrolls take you longer to read. [a shining eye]
  1433 | D        | Killed a shining eye
  1437 | D        | Reached *** piety under Cheibriados
  1437 | D        | Reached skill level 14 in Dodging
  1437 | D        | Gained mutation: You are very clumsy. (Dex -4) [a shining eye]
  1440 | D        | Gained mutation: Potions and wands are poor at restoring your health. [a shining eye]
  1444 | D        | Gained mutation: Scrolls take you much longer to read. [a shining eye]
  1444 | D        | Gained mutation: Your magical capacity is extremely low (-30% MP). [a shining eye]
  1449 | D        | Lost mutation: Potions and wands are poor at restoring your health. [a shining eye]
  1450 | D        | Gained mutation: Your body sometimes deteriorates upon taking damage. [a shining eye]
  1451 | D        | Killed a shining eye
  1451 | D        | Reached XP level 10. HP: 70/70 MP: 4/9
  1452 | D        | Killed a shining eye
  1459 | D        | Found Quxaunoph's Weapon Shop.
  1459 | D        | Found Idghui's Jewellery Emporium.
  1459 | D        | Found Omoiterch's Armour Boutique.
  1460 | D        | Found Wehab's Gadget Shoppe.
  1511 | D        | Noticed a deep troll
  1526 | D        | Slain by a deep troll

Skill      XL: |  1  2  3  4  5  6  7  8  9 10 |
---------------+-------------------------------+-----
Fighting       | 3 4 6 7 8 9 10 12 13 | 13.2
Dodging        | 3 5 7 8 9 11 12 14 | 14.4
Transmutations | 3 5 7 9 10 11 12 13 | 13.1
Unarmed Combat | |  3.0
Spellcasting   | |  2.0

Action                   |  1- 3 |  4- 6 |  7- 9 | 10-12 || total
-------------------------+-------+-------+-------+-------++-------
Melee: Unarmed           |    24 |    34 |    96 |    14 ||   168
       Tailslap          |     3 |       |     9 |       ||    12
       Headbutt          |     3 |       |       |       ||     3
       Punch             |     1 |       |     2 |       ||     3
 Cast: Beastly Appendage |     3 |       |       |       ||     3
       Spider Form       |       |     4 |     7 |     1 ||    12
  Use: Potion            |     1 |     1 |       |       ||     2
       Scroll            |       |     1 |       |       ||     1
  Eat: Bread ration      |       |       |     1 |       ||     1
Armor: Skin              |     5 |     1 |     3 |       ||     9
Dodge: Dodged            |    10 |    23 |    38 |    35 ||   106
